Barracuda vs Bears
Created - December 20, 2023 at 19:01
Goals
|
| Barracuda |
2 |
1 |
2 |
5 |
| Bears |
0 |
1 |
0 |
1 |
|
Shots
|
| Barracuda |
12 |
8 |
9 |
29 |
| Bears |
9 |
13 |
11 |
33 |
|
1st period
1. Barracuda , Emil Pettersson 14 (William Carrier 17, Alex Lintuniemi 1) at 1:49
2. Barracuda , Kurtis Macdermid 12 (Robin Norell 10) at 16:23
Penalties :
Nicolas Aube-Kubel (Her) for Hooking (Minor) at 11:54
2nd period
3. Bears , A.J. Jenks 7 (Joshua Leivo 11) at 8:12
4. Barracuda , Kyle Platzer 4 (Mac Hollowell 7, Alex Henriksson 8) at 10:29
Penalties :
Nicolas Aube-Kubel (Her) for Tripping (Minor) at 15:59, Gianluca Curcuruto (Her) for Hooking (Minor) at 19:35
3rd period
5. Barracuda , Mario Lucia 7 (William Carrier 18, Emil Pettersson 20) at 0:16 (PP)
6. Barracuda , Noah Gregor 7 (Cole Ully 11) at 19:48
Penalties :
Logan Stanley (S.J) for High sticking (Double Minor) at 3:13, Austin Wuthrich (Her) for Hooking (Minor) at 9:10
Goalie Stats
Joni Ortio (S.J), 32 saves from 33 shots - (0.970), W, 11-6-4, 60:00 minutes
Artyom Zagidulin (Her), 24 saves from 29 shots - (0.828), L, 0-4-1, 60:00 minutes
Players Stats for Barracuda
Player Name G A P +/- PIM S H SB GA TA FO MP PP MP PK MP
------------------------------------------------------------------------------------
Alex Henriksson 0 1 1 1 0 4 1 0 2 0 0/0 9:26 0:08 1:16
Alex Lintuniemi 0 1 1 0 0 0 1 0 0 1 0/0 14:44 0:00 2:10
Alexei Toropchenko 0 0 0 1 0 0 1 0 0 0 0/1 8:10 0:08 0:00
Cole Ully 0 1 1 1 0 0 2 0 1 0 0/0 10:31 0:00 0:52
Dennis Cholowski 0 0 0 0 0 0 1 0 0 0 0/0 14:25 0:00 0:23
Emil Pettersson 1 1 2 0 0 4 0 0 4 0 19/29 22:53 3:49 1:43
Jaedon Descheneau 0 0 0 1 0 1 1 0 0 0 0/1 16:47 2:41 0:00
Jordan Gross 0 0 0 1 0 0 2 0 0 0 0/0 19:39 2:21 1:51
Kurtis Macdermid 1 0 1 1 0 1 2 0 0 0 1/1 17:06 2:41 0:19
Kyle Platzer 1 0 1 1 0 4 0 1 0 0 1/3 9:18 0:00 1:11
Logan Stanley 0 0 0 2 4 1 4 2 1 0 0/0 25:27 4:17 0:00
Mac Hollowell 0 1 1 1 0 2 1 1 0 0 0/0 19:04 2:21 1:15
Mario Lucia 1 0 1 0 0 4 3 1 0 1 2/2 21:25 3:49 0:00
Nikolai Kovalenko 0 0 0 1 0 0 0 0 0 0 0/0 9:49 0:00 0:00
Noah Gregor 1 0 1 1 0 1 1 0 0 1 3/3 9:49 0:00 0:00
Robin Norell 0 1 1 2 0 1 0 4 0 0 0/0 26:31 4:17 2:05
Theodor Blueger 0 0 0 1 0 3 1 2 0 0 6/17 17:58 2:41 1:11
William Carrier 0 2 2 0 0 3 2 1 2 0 1/1 22:58 3:57 1:40
Players Stats for Bears
Player Name G A P +/- PIM S H SB GA TA FO MP PP MP PK MP
------------------------------------------------------------------------------------
A.J. Jenks 1 0 1 0 0 2 2 1 0 0 1/1 16:52 1:41 1:57
Adam Lowry 0 0 0 0 0 2 2 0 0 0 9/10 16:43 1:41 1:39
Austin Wuthrich 0 0 0 0 2 1 3 2 0 0 0/0 13:40 0:35 1:29
Colby Cave 0 0 0 -2 0 1 0 0 1 0 2/3 7:58 0:00 0:07
Cole Smith 0 0 0 0 0 5 1 0 0 0 0/0 12:01 0:35 0:00
Emil Johansson 0 0 0 -1 0 0 0 1 1 0 0/0 20:51 1:56 2:34
Gianluca Curcuruto 0 0 0 -2 2 0 3 1 0 0 0/0 26:29 1:47 3:23
Jacob Bryson 0 0 0 0 0 3 0 1 0 0 0/0 12:58 0:42 0:00
Joshua Leivo 0 1 1 0 0 4 2 0 0 0 0/1 15:39 1:41 0:55
Kerby Rychel 0 0 0 -1 0 2 1 0 1 4 1/5 22:03 1:43 3:37
Logan O'Connor 0 0 0 -1 0 0 2 0 0 0 0/0 15:53 0:16 0:00
Michael Prapavessis 0 0 0 -1 0 0 0 0 0 1 0/0 20:32 1:30 3:15
Nicholas Caamano 0 0 0 -1 0 1 0 0 0 0 0/0 4:31 0:35 0:00
Nicolas Aube-Kubel 0 0 0 -1 4 1 3 0 0 1 1/2 20:15 1:43 1:42
Nikolay Prokhorkin 0 0 0 -2 0 5 0 1 0 0 0/0 8:55 0:00 0:55
Sam Carrick 0 0 0 -1 0 1 3 0 0 1 8/30 19:21 1:43 0:55
Tommy Vannelli 0 0 0 -2 0 3 0 2 0 3 0/0 27:11 1:47 4:04
Vincent Dunn 0 0 0 0 0 2 2 0 0 0 3/6 11:26 0:00 0:00
3 Stars
1 - Joni Ortio (S.J)
2 - Emil Pettersson (S.J)
3 - Kurtis Macdermid (S.J)
Power Play
Barracuda - 1 on 4 Attempt(s) - 25.00%
Bears - 0 on 2 Attempt(s) - 0.00%
Penalty Kill
Barracuda - 2 on 2 Attempt(s) - 100.00%
- Score 0 goal in Penalty Kill
Bears - 3 on 4 Attempt(s) - 75.00%
- Score 0 goal in Penalty Kill
Team Stat
Barracuda - Hits : 23 - Faceoff Wins : 33 - Blocked Shots : 12 - Penalty Minutes : 4
Bears - Hits : 24 - Faceoff Wins : 25 - Blocked Shots : 9 - Penalty Minutes : 8
Official
Referees : Mitch Dunning and Justin St. Pierre
Linesman : Steve Miller and Scott Cherrey
Game Notes
No Game Note
Finance
Level 1 -- Attendance: 1775 (88.75%) -- Ticket Income $124,250
Level 2 -- Attendance: 907 (90.70%) -- Ticket Income $36,280
Total Attendance: 2682 (89.40%)
Total Ticket Income: $160,530
Other Income: $8,026
Total Income: $168,556
Barracuda
5 vs 5 Forward
Center Left Wing Right Wing Time % Phy DF OF
1 Emil Pettersson William Carrier Mario Lucia 40 0 3 2
2 Theodor Blueger Kurtis Macdermid Jaedon Descheneau 30 0 3 2
3 Noah Gregor Cole Ully Nikolai Kovalenko 20 0 3 2
4 Kyle Platzer Alex Henriksson Alexei Toropchenko 10 0 3 2
5 vs 5 Defense
Defense Defense Time % Phy DF OF
1 Logan Stanley Robin Norell 40 0 3 2
2 Mac Hollowell Jordan Gross 30 0 3 2
3 Alex Lintuniemi Dennis Cholowski 20 0 3 2
4 Logan Stanley Robin Norell 10 0 3 2
PowerPlay Forward
Center Left Wing Right Wing Time % Phy DF OF
1 Emil Pettersson William Carrier Mario Lucia 60 0 2 3
2 Theodor Blueger Kurtis Macdermid Jaedon Descheneau 40 0 2 3
PowerPlay Defense
Defense Defense Time % Phy DF OF
1 Logan Stanley Robin Norell 60 1 2 2
2 Mac Hollowell Jordan Gross 40 1 2 2
Penalty Kill 4 Players Forward
Center Wing Time % Phy DF OF
1 Emil Pettersson William Carrier 60 1 3 1
2 Theodor Blueger Kurtis Macdermid 40 1 3 1
Penalty Kill 4 Players Defense
Defense Defense Time % Phy DF OF
1 Logan Stanley Robin Norell 60 1 3 1
2 Mac Hollowell Jordan Gross 40 1 3 1
Penalty Kill - 3 Players Forward
Forward Time % Phy DF OF
1 Emil Pettersson 60 1 4 0
2 Theodor Blueger 40 1 4 0
Penalty Kill - 3 Players Defense
Defense Defense Time % Phy DF OF
1 Logan Stanley Robin Norell 60 1 4 0
2 Mac Hollowell Jordan Gross 40 1 4 0
4 vs 4 Forward
Center Wing Time % Phy DF OF
1 Emil Pettersson William Carrier 60 0 3 2
2 Theodor Blueger Kurtis Macdermid 40 0 3 2
4 vs 4 Defense
Defense Defense Time % Phy DF OF
1 Logan Stanley Robin Norell 60 0 3 2
2 Mac Hollowell Jordan Gross 40 0 3 2
Last Minutes Offensive
Center Left Wing Right Wing Defense Defense
Emil Pettersson William Carrier Mario Lucia Logan Stanley Robin Norell
Last Minutes Defensive
Center Left Wing Right Wing Defense Defense
Emil Pettersson William Carrier Mario Lucia Logan Stanley Robin Norell
Goaltenders
Starting : Joni Ortio
Backup : Joacim Eriksson
Extra Forwards
Normal : Theodor Blueger, Alex Henriksson, Mario Lucia - PP : Theodor Blueger, Alex Henriksson - PK : Theodor Blueger
Extra Defensemen
Normal : Jordan Gross, Alex Lintuniemi, Dennis Cholowski - PP : Jordan Gross - PK : Jordan Gross, Alex Lintuniemi
Penalty Shots
William Carrier, Kurtis Macdermid, Emil Pettersson, Cole Ully, Theodor Blueger
Custom OT Lines Forwards
William Carrier, Kurtis Macdermid, Emil Pettersson, Cole Ully, Theodor Blueger, Alex Henriksson, Mario Lucia, Noah Gregor, Kyle Platzer, Jaedon Descheneau
Custom OT Lines Defensemen
Logan Stanley, Robin Norell, Mac Hollowell, Jordan Gross, Alex Lintuniemi
Scratches
Aleksi Heponiemi (Healthy), Ben Jones (Healthy), Jacob Peterson (Healthy), Scott Reedy (Healthy), Eric Gustafsson (Healthy)
Ryan Merkley (Healthy), Samuel Groulx (Torn Left Knee Ligaments Injury), Bode Wilde (Healthy), Thomas Gobeil (Healthy), Kevin Mandolese (Healthy)
Bears
5 vs 5 Forward
Center Left Wing Right Wing Time % Phy DF OF
1 Sam Carrick Kerby Rychel Nicolas Aube-Kubel 40 1 2 2
2 Adam Lowry A.J. Jenks Joshua Leivo 30 1 2 2
3 Vincent Dunn Cole Smith Austin Wuthrich 20 1 2 2
4 Colby Cave Nikolay Prokhorkin Logan O'Connor 10 1 2 2
5 vs 5 Defense
Defense Defense Time % Phy DF OF
1 Tommy Vannelli Gianluca Curcuruto 40 1 2 2
2 Michael Prapavessis Emil Johansson 30 1 2 2
3 Jacob Bryson Logan O'Connor 20 1 2 2
4 Tommy Vannelli Gianluca Curcuruto 10 1 2 2
PowerPlay Forward
Center Left Wing Right Wing Time % Phy DF OF
1 Sam Carrick Kerby Rychel Nicolas Aube-Kubel 60 1 2 2
2 Adam Lowry A.J. Jenks Joshua Leivo 40 1 2 2
PowerPlay Defense
Defense Defense Time % Phy DF OF
1 Tommy Vannelli Gianluca Curcuruto 60 1 2 2
2 Michael Prapavessis Emil Johansson 40 1 2 2
Penalty Kill 4 Players Forward
Center Wing Time % Phy DF OF
1 Kerby Rychel Nicolas Aube-Kubel 60 1 2 2
2 Sam Carrick Joshua Leivo 40 1 2 2
Penalty Kill 4 Players Defense
Defense Defense Time % Phy DF OF
1 Tommy Vannelli Gianluca Curcuruto 60 1 2 2
2 Michael Prapavessis Emil Johansson 40 1 2 2
Penalty Kill - 3 Players Forward
Forward Time % Phy DF OF
1 Kerby Rychel 60 1 2 2
2 Nicolas Aube-Kubel 40 1 2 2
Penalty Kill - 3 Players Defense
Defense Defense Time % Phy DF OF
1 Tommy Vannelli Gianluca Curcuruto 60 1 2 2
2 Michael Prapavessis Emil Johansson 40 1 2 2
4 vs 4 Forward
Center Wing Time % Phy DF OF
1 Kerby Rychel Nicolas Aube-Kubel 60 1 2 2
2 Sam Carrick Joshua Leivo 40 1 2 2
4 vs 4 Defense
Defense Defense Time % Phy DF OF
1 Tommy Vannelli Gianluca Curcuruto 60 1 2 2
2 Michael Prapavessis Emil Johansson 40 1 2 2
Last Minutes Offensive
Center Left Wing Right Wing Defense Defense
Sam Carrick Kerby Rychel Nicolas Aube-Kubel Tommy Vannelli Gianluca Curcuruto
Last Minutes Defensive
Center Left Wing Right Wing Defense Defense
Sam Carrick Kerby Rychel Nicolas Aube-Kubel Tommy Vannelli Gianluca Curcuruto
Goaltenders
Starting : Artyom Zagidulin
Backup : Jake Allen
Extra Forwards
Normal : Nicholas Caamano, Cole Smith, Austin Wuthrich - PP : Nicholas Caamano, Cole Smith - PK : Austin Wuthrich
Extra Defensemen
Normal : Jacob Bryson, Michael Prapavessis, Emil Johansson - PP : Jacob Bryson - PK : Michael Prapavessis, Emil Johansson
Penalty Shots
Kerby Rychel, Nicolas Aube-Kubel, Sam Carrick, Joshua Leivo, A.J. Jenks
Custom OT Lines Forwards
Kerby Rychel, Nicolas Aube-Kubel, Sam Carrick, Joshua Leivo, A.J. Jenks, Cole Smith, Austin Wuthrich, Logan O'Connor, Adam Lowry, Nikolay Prokhorkin
Custom OT Lines Defensemen
Tommy Vannelli, Gianluca Curcuruto, Michael Prapavessis, Emil Johansson, Jacob Bryson
Scratches
Blake Speers (Healthy), Christian Dvorak (Healthy), Jesper Pettersson (Healthy), David Farrance (Healthy), Mackenze Stewart (Healthy)
Zack Hayes (Healthy), Mario Ferraro (Healthy), Will Reilly (Healthy), Kristians Rubins (Healthy), Ryan Graves (Facial Surgery Injury)
Isaac Ratcliffe (Healthy), Jakob Stenqvist (Healthy), Arvid Henrikson (Healthy), Kirill Maksimov (Healthy)
% Time on Ice - Barracuda
Lines # - Real PCT - Wanted PCT - Time Play
Normal Forward
1 - 35% - 40% - 17:26
2 - 29% - 30% - 14:06
3 - 20% - 20% - 9:49
4 - 16% - 10% - 8:02
Normal Defense
1 - 40% - 40% - 19:38
2 - 32% - 30% - 15:40
3 - 24% - 20% - 12:02
4 - 4% - 10% - 2:03
PP Forward
1 - 60% - 60% - 3:57
2 - 40% - 40% - 2:41
PP Defense
1 - 65% - 60% - 4:17
2 - 35% - 40% - 2:21
PK Forward
1 - 92% - 60% - 3:40
2 - 8% - 40% - 0:19
PK Defense
1 - 85% - 60% - 3:22
2 - 15% - 40% - 0:37
PK3 Forward
1 - 0% - 60%
2 - 0% - 40%
PK3 Defense
1 - 0% - 60%
2 - 0% - 40%
44 Forward
1 - 0% - 60%
2 - 0% - 40%
44 Defense
1 - 0% - 60%
2 - 0% - 40%
Last Minute Offensive - 0:00
Last Minute Defensive - 0:00
Total
Forward - 60:00
Defense - 60:00
|
% Time on Ice - Bears
Lines # - Real PCT - Wanted PCT - Time Play
Normal Forward
1 - 35% - 40% - 17:03
2 - 26% - 30% - 13:03
3 - 23% - 20% - 11:26
4 - 16% - 10% - 7:51
Normal Defense
1 - 40% - 40% - 19:50
2 - 32% - 30% - 15:47
3 - 24% - 20% - 11:42
4 - 4% - 10% - 2:04
PP Forward
1 - 58% - 60% - 2:18
2 - 42% - 40% - 1:41
PP Defense
1 - 62% - 60% - 2:29
2 - 38% - 40% - 1:30
PK Forward
1 - 86% - 60% - 5:43
2 - 14% - 40% - 0:55
PK Defense
1 - 61% - 60% - 4:04
2 - 39% - 40% - 2:34
PK3 Forward
1 - 0% - 60%
2 - 0% - 40%
PK3 Defense
1 - 0% - 60%
2 - 0% - 40%
44 Forward
1 - 0% - 60%
2 - 0% - 40%
44 Defense
1 - 0% - 60%
2 - 0% - 40%
Last Minute Offensive - 0:00
Last Minute Defensive - 0:00
Total
Forward - 60:00
Defense - 60:00
|
Play-by-Play
1st period
0:01 of 1st period - Mario Lucia wins face-off versus Sam Carrick in neutral zone.
0:12 of 1st period - Snap shot by Mario Lucia.
0:12 of 1st period - Stopped by Artyom Zagidulin with a rebound.
0:31 of 1st period - Snap shot by Theodor Blueger.
0:31 of 1st period - Shot Blocked by A.J. Jenks.
1:09 of 1st period - Wrist shot by Cole Smith.
1:09 of 1st period - Stopped by Joni Ortio with a rebound.
1:31 of 1st period - Icing by Dennis Cholowski.
1:32 of 1st period - Emil Pettersson wins face-off versus Colby Cave in Barracuda zone.
1:49 of 1st period - Wrist shot by Emil Pettersson.
1:49 of 1st period - Goal by Emil Pettersson - Barracuda : 1 - Bears : 0.
1:50 of 1st period - Adam Lowry wins face-off versus Theodor Blueger in neutral zone.
1:55 of 1st period - Slapshot by Joshua Leivo.
1:55 of 1st period - Shot Misses the Net.
2:18 of 1st period - Off-side.
2:19 of 1st period - Emil Pettersson wins face-off versus Sam Carrick in neutral zone.
2:34 of 1st period - Snap shot by William Carrier.
2:34 of 1st period - Stopped by Artyom Zagidulin with a rebound.
2:51 of 1st period - Wrist shot by Emil Pettersson.
2:51 of 1st period - Shot Misses the Net.
3:01 of 1st period - Wrist shot by Emil Pettersson.
3:01 of 1st period - Shot Blocked by Tommy Vannelli.
3:06 of 1st period - Off-side.
3:07 of 1st period - Vincent Dunn wins face-off versus Theodor Blueger in neutral zone.
3:12 of 1st period - Austin Wuthrich is hit by Theodor Blueger.
4:01 of 1st period - Snap shot by Colby Cave.
4:01 of 1st period - Stopped by Joni Ortio with a rebound.
4:03 of 1st period - Slapshot by Emil Johansson.
4:03 of 1st period - Deflect By Nikolay Prokhorkin.
4:03 of 1st period - Stopped by Joni Ortio with a rebound.
4:43 of 1st period - A.J. Jenks is hit by Jordan Gross and loses puck.
5:16 of 1st period - Theodor Blueger is hit by Nicolas Aube-Kubel and loses puck.
6:22 of 1st period - Kurtis Macdermid is hit by Adam Lowry and loses puck.
7:09 of 1st period - Gianluca Curcuruto is hit by William Carrier and loses puck.
7:16 of 1st period - Mario Lucia is hit by Logan O'Connor and loses puck.
8:09 of 1st period - Kyle Platzer is hit by Joshua Leivo and loses puck.
8:33 of 1st period - Dennis Cholowski is hit by Gianluca Curcuruto and loses puck.
8:50 of 1st period - Michael Prapavessis is hit by Noah Gregor and loses puck.
8:57 of 1st period - Wrist shot by Cole Ully.
8:57 of 1st period - Shot Misses the Net.
9:52 of 1st period - Snap shot by William Carrier.
9:52 of 1st period - Shot Blocked by Jacob Bryson.
9:54 of 1st period - Snap shot by William Carrier.
9:54 of 1st period - Shot Misses the Net.
9:56 of 1st period - Snap shot by Mac Hollowell.
9:56 of 1st period - Stopped by Artyom Zagidulin with a rebound.
9:58 of 1st period - Slapshot by Mac Hollowell.
9:58 of 1st period - Deflect By Mario Lucia.
9:58 of 1st period - Stopped by Artyom Zagidulin without a rebound.
9:59 of 1st period - Emil Pettersson wins face-off versus Sam Carrick in Bears zone.
10:11 of 1st period - Off-side.
10:12 of 1st period - Sam Carrick wins face-off versus Emil Pettersson in neutral zone.
10:19 of 1st period - Snap shot by Emil Pettersson.
10:19 of 1st period - Stopped by Artyom Zagidulin with a rebound.
10:21 of 1st period - Slapshot by William Carrier.
10:21 of 1st period - Shot Misses the Net.
10:23 of 1st period - Snap shot by Mario Lucia.
10:23 of 1st period - Stopped by Artyom Zagidulin with a rebound.
10:25 of 1st period - Snap shot by William Carrier.
10:25 of 1st period - Shot Blocked by Tommy Vannelli.
10:27 of 1st period - Snap shot by Emil Pettersson.
10:27 of 1st period - Stopped by Artyom Zagidulin without a rebound.
10:28 of 1st period - Adam Lowry wins face-off versus Theodor Blueger in Bears zone.
11:01 of 1st period - Slapshot by Emil Pettersson.
11:01 of 1st period - Stopped by Artyom Zagidulin without a rebound.
11:02 of 1st period - Emil Pettersson wins face-off versus Adam Lowry in Bears zone.
11:27 of 1st period - Alex Lintuniemi is hit by Kerby Rychel and loses puck.
11:43 of 1st period - Icing by Kerby Rychel.
11:44 of 1st period - Noah Gregor wins face-off versus Sam Carrick in Bears zone.
11:54 of 1st period - Minor Penalty to Nicolas Aube-Kubel for Hooking.
11:55 of 1st period - Emil Pettersson wins face-off versus Kerby Rychel in Bears zone.
11:59 of 1st period - Snap shot by William Carrier.
11:59 of 1st period - Shot Blocked by Gianluca Curcuruto.
12:01 of 1st period - Wrist shot by Logan Stanley.
12:01 of 1st period - Shot Blocked by Austin Wuthrich.
13:54 of 1st period - Penalty to Nicolas Aube-Kubel is over, Nicolas Aube-Kubel is back on ice.
14:01 of 1st period - Snap shot by Vincent Dunn.
14:01 of 1st period - Deflect By Noah Gregor.
14:01 of 1st period - Stopped by Joni Ortio without a rebound.
14:02 of 1st period - Noah Gregor wins face-off versus Vincent Dunn in Barracuda zone.
14:02 of 1st period - Noah Gregor is hit by Austin Wuthrich.
14:49 of 1st period - Wrist shot by Joshua Leivo.
14:49 of 1st period - Stopped by Joni Ortio with a rebound.
15:13 of 1st period - Snap shot by Nikolay Prokhorkin.
15:13 of 1st period - Stopped by Joni Ortio with a rebound.
15:15 of 1st period - Slapshot by Nicholas Caamano.
15:15 of 1st period - Stopped by Joni Ortio with a rebound.
15:17 of 1st period - Snap shot by Michael Prapavessis.
15:17 of 1st period - Deflect By Nikolay Prokhorkin.
15:17 of 1st period - Stopped by Joni Ortio with a rebound.
15:31 of 1st period - Snap shot by Cole Smith.
15:31 of 1st period - Shot Misses the Net.
15:33 of 1st period - Snap shot by Austin Wuthrich.
15:33 of 1st period - Shot Misses the Net.
15:35 of 1st period - Slapshot by Gianluca Curcuruto.
15:35 of 1st period - Deflect By Vincent Dunn.
15:35 of 1st period - Shot Misses the Net.
15:35 of 1st period - Puck is out of play.
15:36 of 1st period - Emil Pettersson wins face-off versus Sam Carrick in Barracuda zone.
16:13 of 1st period - Snap shot by Cole Smith.
16:13 of 1st period - Stopped by Joni Ortio without a rebound.
16:14 of 1st period - Theodor Blueger wins face-off versus Sam Carrick in Barracuda zone.
16:23 of 1st period - Wrist shot by Kurtis Macdermid.
16:23 of 1st period - Goal by Kurtis Macdermid - Barracuda : 2 - Bears : 0.
16:24 of 1st period - Theodor Blueger wins face-off versus Sam Carrick in neutral zone.
17:10 of 1st period - Emil Johansson is hit by Logan Stanley and loses puck.
17:46 of 1st period - Icing by Michael Prapavessis.
17:47 of 1st period - Colby Cave wins face-off versus Kyle Platzer in Bears zone.
18:02 of 1st period - Snap shot by Kyle Platzer.
18:02 of 1st period - Stopped by Artyom Zagidulin with a rebound.
18:28 of 1st period - Emil Pettersson is hit by Joshua Leivo and loses puck.
18:47 of 1st period - Alex Lintuniemi is hit by Gianluca Curcuruto and loses puck.
19:39 of 1st period - Wrist shot by Theodor Blueger.
19:39 of 1st period - Stopped by Artyom Zagidulin with a rebound.
Goals for this period are 2 for Barracuda vs 0 for Bears.
Shots for this period are 12 for Barracuda vs 9 for Bears.
2nd period
0:01 of 2nd period - Sam Carrick wins face-off versus Emil Pettersson in neutral zone.
0:08 of 2nd period - Slapshot by Tommy Vannelli.
0:08 of 2nd period - Stopped by Joni Ortio without a rebound.
0:09 of 2nd period - Emil Pettersson wins face-off versus Sam Carrick in Barracuda zone.
0:19 of 2nd period - Icing by Tommy Vannelli.
0:20 of 2nd period - Sam Carrick wins face-off versus Emil Pettersson in Bears zone.
0:39 of 2nd period - Snap shot by Kerby Rychel.
0:39 of 2nd period - Shot Blocked by Robin Norell.
0:41 of 2nd period - Wrist shot by Kerby Rychel.
0:41 of 2nd period - Shot Misses the Net.
0:43 of 2nd period - Snap shot by Kerby Rychel.
0:43 of 2nd period - Shot Blocked by Logan Stanley.
0:45 of 2nd period - Snap shot by Nicolas Aube-Kubel.
0:45 of 2nd period - Shot Misses the Net.
0:51 of 2nd period - Wrist shot by Sam Carrick.
0:51 of 2nd period - Deflect By Nicolas Aube-Kubel.
0:51 of 2nd period - Stopped by Joni Ortio with a rebound.
0:53 of 2nd period - Snap shot by Nicolas Aube-Kubel.
0:53 of 2nd period - Shot Misses the Net.
0:55 of 2nd period - Wrist shot by Sam Carrick.
0:55 of 2nd period - Shot Blocked by Robin Norell.
0:57 of 2nd period - Slapshot by Gianluca Curcuruto.
0:57 of 2nd period - Shot Misses the Net.
0:59 of 2nd period - Slapshot by Tommy Vannelli.
0:59 of 2nd period - Shot Misses the Net.
1:01 of 2nd period - Slapshot by Tommy Vannelli.
1:01 of 2nd period - Stopped by Joni Ortio without a rebound.
1:02 of 2nd period - Adam Lowry wins face-off versus Theodor Blueger in Barracuda zone.
1:17 of 2nd period - Slapshot by Theodor Blueger.
1:17 of 2nd period - Stopped by Artyom Zagidulin with a rebound.
1:36 of 2nd period - Cole Ully is hit by Vincent Dunn and loses puck.
1:53 of 2nd period - Slapshot by Alex Henriksson.
1:53 of 2nd period - Stopped by Artyom Zagidulin with a rebound.
1:55 of 2nd period - Wrist shot by Jordan Gross.
1:55 of 2nd period - Shot Misses the Net.
1:57 of 2nd period - Slapshot by Kyle Platzer.
1:57 of 2nd period - Deflect By Alex Henriksson.
1:57 of 2nd period - Stopped by Artyom Zagidulin with a rebound.
2:30 of 2nd period - A.J. Jenks is hit by Logan Stanley and loses puck.
2:55 of 2nd period - Wrist shot by Austin Wuthrich.
2:55 of 2nd period - Stopped by Joni Ortio without a rebound.
2:56 of 2nd period - Theodor Blueger wins face-off versus Vincent Dunn in Barracuda zone.
2:56 of 2nd period - Theodor Blueger is hit by Austin Wuthrich.
3:02 of 2nd period - Slapshot by Robin Norell.
3:02 of 2nd period - Stopped by Artyom Zagidulin without a rebound.
3:03 of 2nd period - Sam Carrick wins face-off versus Theodor Blueger in Bears zone.
3:36 of 2nd period - Snap shot by Cole Smith.
3:36 of 2nd period - Stopped by Joni Ortio with a rebound.
3:38 of 2nd period - Slapshot by Vincent Dunn.
3:38 of 2nd period - Stopped by Joni Ortio with a rebound.
3:40 of 2nd period - Wrist shot by Vincent Dunn.
3:40 of 2nd period - Shot Misses the Net.
4:20 of 2nd period - Wrist shot by Nikolay Prokhorkin.
4:20 of 2nd period - Shot Misses the Net.
4:22 of 2nd period - Snap shot by Nikolay Prokhorkin.
4:22 of 2nd period - Stopped by Joni Ortio without a rebound.
4:23 of 2nd period - Emil Pettersson wins face-off versus Sam Carrick in Barracuda zone.
4:23 of 2nd period - Emil Pettersson is hit by Nicolas Aube-Kubel.
4:47 of 2nd period - Jordan Gross is hit by Adam Lowry and loses puck.
5:57 of 2nd period - Michael Prapavessis is hit by Alexei Toropchenko and loses puck.
6:19 of 2nd period - Tommy Vannelli is hit by Cole Ully and loses puck.
6:40 of 2nd period - Gianluca Curcuruto is hit by Mario Lucia and loses puck.
7:06 of 2nd period - Wrist shot by Nicolas Aube-Kubel.
7:06 of 2nd period - Deflect By Sam Carrick.
7:06 of 2nd period - Shot Blocked by Theodor Blueger.
7:06 of 2nd period - Puck is out of play.
7:07 of 2nd period - Noah Gregor wins face-off versus Nicolas Aube-Kubel in Barracuda zone.
7:07 of 2nd period - Noah Gregor is hit by Logan O'Connor.
7:15 of 2nd period - Wrist shot by Kerby Rychel.
7:15 of 2nd period - Shot Misses the Net.
7:38 of 2nd period - Snap shot by William Carrier.
7:38 of 2nd period - Stopped by Artyom Zagidulin without a rebound.
7:39 of 2nd period - Adam Lowry wins face-off versus Emil Pettersson in Bears zone.
7:54 of 2nd period - Wrist shot by A.J. Jenks.
7:54 of 2nd period - Shot Misses the Net.
7:56 of 2nd period - Slapshot by Adam Lowry.
7:56 of 2nd period - Stopped by Joni Ortio with a rebound.
7:58 of 2nd period - Slapshot by Tommy Vannelli.
7:58 of 2nd period - Shot Blocked by Mario Lucia.
8:12 of 2nd period - Snap shot by A.J. Jenks.
8:12 of 2nd period - Goal by A.J. Jenks - Barracuda : 2 - Bears : 1.
8:13 of 2nd period - Sam Carrick wins face-off versus Theodor Blueger in neutral zone.
8:18 of 2nd period - Wrist shot by Tommy Vannelli.
8:18 of 2nd period - Stopped by Joni Ortio without a rebound.
8:19 of 2nd period - Theodor Blueger wins face-off versus Sam Carrick in Barracuda zone.
8:24 of 2nd period - Tommy Vannelli is hit by Kurtis Macdermid and loses puck.
8:32 of 2nd period - Slapshot by Logan Stanley.
8:32 of 2nd period - Stopped by Artyom Zagidulin with a rebound.
8:34 of 2nd period - Wrist shot by Jaedon Descheneau.
8:34 of 2nd period - Shot Misses the Net.
9:10 of 2nd period - Robin Norell is hit by Gianluca Curcuruto and loses puck.
9:17 of 2nd period - William Carrier is hit by Nicolas Aube-Kubel and loses puck.
9:21 of 2nd period - Icing by Robin Norell.
9:22 of 2nd period - Adam Lowry wins face-off versus Emil Pettersson in Barracuda zone.
9:25 of 2nd period - Snap shot by A.J. Jenks.
9:25 of 2nd period - Shot Misses the Net.
9:49 of 2nd period - Robin Norell is hit by Austin Wuthrich and loses puck.
10:00 of 2nd period - Wrist shot by Kurtis Macdermid.
10:00 of 2nd period - Shot Misses the Net.
10:10 of 2nd period - Noah Gregor is hit by A.J. Jenks and loses puck.
10:25 of 2nd period - Snap shot by Kyle Platzer.
10:25 of 2nd period - Shot Blocked by Nikolay Prokhorkin.
10:27 of 2nd period - Slapshot by Mac Hollowell.
10:27 of 2nd period - Stopped by Artyom Zagidulin with a rebound.
10:29 of 2nd period - Snap shot by Kyle Platzer.
10:29 of 2nd period - Goal by Kyle Platzer - Barracuda : 3 - Bears : 1.
10:30 of 2nd period - Sam Carrick wins face-off versus Emil Pettersson in neutral zone.
10:41 of 2nd period - Nicolas Aube-Kubel is hit by Mario Lucia and loses puck.
11:48 of 2nd period - Colby Cave is hit by Alex Lintuniemi and loses puck.
12:24 of 2nd period - Tommy Vannelli is hit by Logan Stanley.
13:05 of 2nd period - Off-side.
13:06 of 2nd period - Colby Cave wins face-off versus Kyle Platzer in neutral zone.
13:30 of 2nd period - Logan O'Connor is hit by William Carrier and loses puck.
13:49 of 2nd period - Snap shot by Colby Cave.
13:49 of 2nd period - Shot Misses the Net.
13:53 of 2nd period - Slapshot by Jacob Bryson.
13:53 of 2nd period - Stopped by Joni Ortio with a rebound.
13:59 of 2nd period - Slapshot by Nikolay Prokhorkin.
13:59 of 2nd period - Stopped by Joni Ortio without a rebound.
14:00 of 2nd period - Sam Carrick wins face-off versus Emil Pettersson in Barracuda zone.
14:01 of 2nd period - Wrist shot by Kerby Rychel.
14:01 of 2nd period - Shot Misses the Net.
14:03 of 2nd period - Slapshot by Sam Carrick.
14:03 of 2nd period - Shot Misses the Net.
14:05 of 2nd period - Slapshot by Emil Johansson.
14:05 of 2nd period - Shot Misses the Net.
14:07 of 2nd period - Wrist shot by Sam Carrick.
14:07 of 2nd period - Shot Misses the Net.
14:09 of 2nd period - Wrist shot by Michael Prapavessis.
14:09 of 2nd period - Shot Blocked by Logan Stanley.
14:37 of 2nd period - Snap shot by Cole Smith.
14:37 of 2nd period - Shot Blocked by Robin Norell.
14:49 of 2nd period - Off-side.
14:50 of 2nd period - Kurtis Macdermid wins face-off versus Joshua Leivo in neutral zone.
14:59 of 2nd period - Wrist shot by A.J. Jenks.
14:59 of 2nd period - Stopped by Joni Ortio without a rebound.
15:00 of 2nd period - Theodor Blueger wins face-off versus Sam Carrick in Barracuda zone.
15:13 of 2nd period - Slapshot by Theodor Blueger.
15:13 of 2nd period - Shot Blocked by Emil Johansson.
15:15 of 2nd period - Slapshot by Robin Norell.
15:15 of 2nd period - Shot Misses the Net.
15:25 of 2nd period - Snap shot by Kurtis Macdermid.
15:25 of 2nd period - Deflect By Theodor Blueger.
15:25 of 2nd period - Shot Misses the Net.
15:25 of 2nd period - Puck is out of play.
15:26 of 2nd period - Adam Lowry wins face-off versus Emil Pettersson in Bears zone.
15:26 of 2nd period - Adam Lowry is hit by Mario Lucia.
15:32 of 2nd period - Slapshot by Tommy Vannelli.
15:32 of 2nd period - Shot Misses the Net.
15:36 of 2nd period - Wrist shot by Joshua Leivo.
15:36 of 2nd period - Deflect By Adam Lowry.
15:36 of 2nd period - Shot Misses the Net.
15:36 of 2nd period - Puck is out of play.
15:37 of 2nd period - Emil Pettersson wins face-off versus Sam Carrick in Barracuda zone.
15:37 of 2nd period - Emil Pettersson is hit by Sam Carrick.
15:59 of 2nd period - Minor Penalty to Nicolas Aube-Kubel for Tripping.
16:00 of 2nd period - Emil Pettersson wins face-off versus Kerby Rychel in Bears zone.
16:25 of 2nd period - A.J. Jenks is hit by Kurtis Macdermid and loses puck.
17:38 of 2nd period - Tommy Vannelli is hit by Jaedon Descheneau and loses puck.
17:59 of 2nd period - Penalty to Nicolas Aube-Kubel is over, Nicolas Aube-Kubel is back on ice.
18:31 of 2nd period - Colby Cave is hit by Dennis Cholowski and loses puck.
18:52 of 2nd period - Logan O'Connor is hit by Jordan Gross and loses puck.
19:35 of 2nd period - Minor Penalty to Gianluca Curcuruto for Hooking.
19:36 of 2nd period - Emil Pettersson wins face-off versus Kerby Rychel in Bears zone.
19:49 of 2nd period - Wrist shot by Kerby Rychel.
19:49 of 2nd period - Shot Blocked by Robin Norell.
Goals for this period are 1 for Barracuda vs 1 for Bears.
Shots for this period are 8 for Barracuda vs 13 for Bears.
3rd period
0:01 of 3rd period - Emil Pettersson wins face-off versus Kerby Rychel in neutral zone.
0:16 of 3rd period - Slapshot by Mario Lucia.
0:16 of 3rd period - Goal by Mario Lucia - Barracuda : 4 - Bears : 1.
0:17 of 3rd period - Emil Pettersson wins face-off versus Sam Carrick in neutral zone.
0:32 of 3rd period - Snap shot by Kerby Rychel.
0:32 of 3rd period - Stopped by Joni Ortio with a rebound.
0:47 of 3rd period - Snap shot by Joshua Leivo.
0:47 of 3rd period - Stopped by Joni Ortio with a rebound.
0:49 of 3rd period - Wrist shot by Joshua Leivo.
0:49 of 3rd period - Stopped by Joni Ortio with a rebound.
1:11 of 3rd period - Snap shot by Cole Smith.
1:11 of 3rd period - Shot Misses the Net.
1:35 of 3rd period - Slapshot by Michael Prapavessis.
1:35 of 3rd period - Shot Blocked by Kyle Platzer.
2:13 of 3rd period - Wrist shot by A.J. Jenks.
2:13 of 3rd period - Shot Misses the Net.
2:44 of 3rd period - Off-side.
2:45 of 3rd period - Kyle Platzer wins face-off versus Sam Carrick in neutral zone.
2:48 of 3rd period - Slapshot by Logan Stanley.
2:48 of 3rd period - Shot Misses the Net.
2:50 of 3rd period - Snap shot by Kyle Platzer.
2:50 of 3rd period - Stopped by Artyom Zagidulin without a rebound.
2:51 of 3rd period - Emil Pettersson wins face-off versus Sam Carrick in Bears zone.
2:52 of 3rd period - Snap shot by William Carrier.
2:52 of 3rd period - Shot Misses the Net.
3:03 of 3rd period - Snap shot by Kerby Rychel.
3:03 of 3rd period - Shot Misses the Net.
3:05 of 3rd period - Snap shot by Kerby Rychel.
3:05 of 3rd period - Shot Blocked by William Carrier.
3:13 of 3rd period - Double Minor Penalty to Logan Stanley for High sticking.
3:14 of 3rd period - Emil Pettersson wins face-off versus Sam Carrick in Barracuda zone.
3:42 of 3rd period - Icing by Tommy Vannelli.
3:43 of 3rd period - Adam Lowry wins face-off versus Emil Pettersson in Bears zone.
3:52 of 3rd period - Emil Pettersson is hit by A.J. Jenks.
4:17 of 3rd period - Emil Johansson is hit by Alex Henriksson and loses puck.
6:30 of 3rd period - Cole Ully is hit by Sam Carrick and loses puck.
7:13 of 3rd period - Penalty to Logan Stanley is over, Logan Stanley is back on ice.
7:38 of 3rd period - Snap shot by Colby Cave.
7:38 of 3rd period - Shot Misses the Net.
7:40 of 3rd period - Slapshot by Jacob Bryson.
7:40 of 3rd period - Deflect By Nikolai Kovalenko.
7:40 of 3rd period - Stopped by Joni Ortio with a rebound.
7:42 of 3rd period - Wrist shot by Cole Smith.
7:42 of 3rd period - Shot Misses the Net.
7:44 of 3rd period - Slapshot by Vincent Dunn.
7:44 of 3rd period - Shot Blocked by Mac Hollowell.
7:46 of 3rd period - Snap shot by Emil Johansson.
7:46 of 3rd period - Deflect By Cole Smith.
7:46 of 3rd period - Stopped by Joni Ortio without a rebound.
7:47 of 3rd period - Theodor Blueger wins face-off versus Vincent Dunn in Barracuda zone.
7:52 of 3rd period - Wrist shot by Vincent Dunn.
7:52 of 3rd period - Shot Hit the Post.
8:05 of 3rd period - Icing by Logan Stanley.
8:06 of 3rd period - Emil Pettersson wins face-off versus Sam Carrick in Barracuda zone.
8:48 of 3rd period - Icing by Adam Lowry.
8:49 of 3rd period - Vincent Dunn wins face-off versus Theodor Blueger in Bears zone.
9:10 of 3rd period - Minor Penalty to Austin Wuthrich for Hooking.
9:11 of 3rd period - Kerby Rychel wins face-off versus Emil Pettersson in Bears zone.
9:32 of 3rd period - Kerby Rychel is hit by Logan Stanley.
9:41 of 3rd period - Off-side.
9:42 of 3rd period - Sam Carrick wins face-off versus Theodor Blueger in neutral zone.
9:55 of 3rd period - Snap shot by Nicolas Aube-Kubel.
9:55 of 3rd period - Shot Misses the Net.
11:10 of 3rd period - Penalty to Austin Wuthrich is over, Austin Wuthrich is back on ice.
11:20 of 3rd period - Snap shot by Alex Henriksson.
11:20 of 3rd period - Stopped by Artyom Zagidulin without a rebound.
11:21 of 3rd period - Vincent Dunn wins face-off versus Alexei Toropchenko in Bears zone.
11:30 of 3rd period - Snap shot by Cole Smith.
11:30 of 3rd period - Stopped by Joni Ortio with a rebound.
11:36 of 3rd period - Slapshot by Jacob Bryson.
11:36 of 3rd period - Stopped by Joni Ortio without a rebound.
11:37 of 3rd period - Emil Pettersson wins face-off versus Sam Carrick in Barracuda zone.
12:24 of 3rd period - Snap shot by Cole Ully.
12:24 of 3rd period - Shot Misses the Net.
13:47 of 3rd period - Snap shot by Kyle Platzer.
13:47 of 3rd period - Stopped by Artyom Zagidulin with a rebound.
14:03 of 3rd period - Snap shot by Joshua Leivo.
14:03 of 3rd period - Deflect By Adam Lowry.
14:03 of 3rd period - Stopped by Joni Ortio with a rebound.
14:19 of 3rd period - Snap shot by Joshua Leivo.
14:19 of 3rd period - Stopped by Joni Ortio with a rebound.
14:21 of 3rd period - Snap shot by Joshua Leivo.
14:21 of 3rd period - Deflect By Adam Lowry.
14:21 of 3rd period - Shot Misses the Net.
14:21 of 3rd period - Puck is out of play.
14:22 of 3rd period - Emil Pettersson wins face-off versus Sam Carrick in Barracuda zone.
14:37 of 3rd period - Kerby Rychel is hit by Mac Hollowell and loses puck.
14:48 of 3rd period - Mac Hollowell is hit by Vincent Dunn and loses puck.
15:33 of 3rd period - Emil Pettersson is hit by Sam Carrick and loses puck.
15:52 of 3rd period - Snap shot by Alex Henriksson.
15:52 of 3rd period - Stopped by Artyom Zagidulin without a rebound.
15:53 of 3rd period - A.J. Jenks wins face-off versus Theodor Blueger in Bears zone.
15:57 of 3rd period - Off-side.
15:58 of 3rd period - Adam Lowry wins face-off versus Theodor Blueger in neutral zone.
16:11 of 3rd period - Snap shot by A.J. Jenks.
16:11 of 3rd period - Shot Misses the Net.
16:13 of 3rd period - Snap shot by Joshua Leivo.
16:13 of 3rd period - Shot Misses the Net.
16:27 of 3rd period - Slapshot by Sam Carrick.
16:27 of 3rd period - Stopped by Joni Ortio without a rebound.
16:28 of 3rd period - Mario Lucia wins face-off versus Sam Carrick in Barracuda zone.
16:58 of 3rd period - Icing by Tommy Vannelli.
16:59 of 3rd period - Adam Lowry wins face-off versus Theodor Blueger in Bears zone.
17:10 of 3rd period - Snap shot by Joshua Leivo.
17:10 of 3rd period - Shot Blocked by Theodor Blueger.
18:05 of 3rd period - Slapshot by Theodor Blueger.
18:05 of 3rd period - Shot Misses the Net.
18:07 of 3rd period - Wrist shot by Theodor Blueger.
18:07 of 3rd period - Stopped by Artyom Zagidulin with a rebound.
18:09 of 3rd period - Slapshot by Jordan Gross.
18:09 of 3rd period - Deflect By Jaedon Descheneau.
18:09 of 3rd period - Stopped by Artyom Zagidulin without a rebound.
18:10 of 3rd period - Nicolas Aube-Kubel wins face-off versus Jaedon Descheneau in Bears zone.
18:58 of 3rd period - Mac Hollowell is hit by Cole Smith and loses puck.
19:05 of 3rd period - Slapshot by Logan Stanley.
19:05 of 3rd period - Shot Misses the Net.
19:15 of 3rd period - Slapshot by Theodor Blueger.
19:15 of 3rd period - Deflect By Logan O'Connor.
19:15 of 3rd period - Shot Blocked by Austin Wuthrich.
19:15 of 3rd period - Puck is out of play.
19:16 of 3rd period - Emil Pettersson wins face-off versus Sam Carrick in Bears zone.
19:17 of 3rd period - Snap shot by William Carrier.
19:17 of 3rd period - Stopped by Artyom Zagidulin with a rebound.
19:41 of 3rd period - Joshua Leivo is hit by Cole Ully and loses puck.
19:48 of 3rd period - Wrist shot by Noah Gregor.
19:48 of 3rd period - Goal by Noah Gregor - Barracuda : 5 - Bears : 1.
19:49 of 3rd period - William Carrier wins face-off versus Sam Carrick in neutral zone.
19:59 of 3rd period - Snap shot by Kerby Rychel.
19:59 of 3rd period - Stopped by Joni Ortio without a rebound.
Goals for this period are 2 for Barracuda vs 0 for Bears.
Shots for this period are 9 for Barracuda vs 11 for Bears.